 Dungeon Crawl Stone Soup version 0.28-a0-429-g1448048969 (webtiles) character file.

Game seed: 13267749116646912355

2932 dolemite99 the Spear-Bearer (level 9, -4/63 HPs)
             Began as a Demonspawn Fighter on Sept 12, 2021.
             Was a Priest of Trog.
             Slain by an orc (6 damage)
             ... in a bailey.
             The game lasted 00:11:02 (9952 turns).

dolemite99 the Spear-Bearer (Demonspawn Fighter)    Turns: 9952, Time: 00:11:03

Health: -4/63      AC: 15    Str: 19    XL:     9   Next: 50%
Magic:  9/9        EV:  5    Int: 10    God:    Trog [***...]
Gold:   486        SH:  4    Dex: 13    Spells: 8/8 levels left

rFire   . . .      SeeInvis .   b - +0 hand crossbow
rCold   . . .      Faith    .   q - +0 buckler {rPois}
rNeg    . . .      Spirit   .   I - +0 plate armour
rPois   +          Reflect  .   (helmet restricted)
rElec   .          Harm     .   r - +1 cloak
rCorr   .          Rampage  .   (no gloves)
Will    ++...                   J - +1 pair of boots
Stlth   ..........              (no amulet)
HPRegen 1.20/turn               (no ring)
MPRegen 0.11/turn               (no ring)

@: strong-willed, on berserk cooldown, regenerating, slowed, very slow
A: antennae 2, claws 1, hooves 1, powered by pain 1
a: Renounce Religion, Berserk, Trog's Hand


You were in a bailey.
You worshipped Trog.
Trog was most pleased with you.
You visited 1 branch of the dungeon, and saw 7 of its levels.
You also visited: Sewer and Bailey.

You collected 486 gold pieces.

Inventory:

Hand Weapons
 a - a +0 trident
 b - a +0 hand crossbow (weapon)
 o - a +0 flail of holy wrath
 s - a +4 quarterstaff
 z - a +0 war axe
Missiles
 h - 35 bolts (quivered ammo)
 m - 34 poisoned darts
 n - 7 boomerangs
 w - 112 stones
 x - 67 arrows
 y - 8 atropa-tipped darts
 A - a throwing net
 C - 22 sling bullets
Armour
 c - a +0 buckler
 f - a +0 helmet
 i - a +1 helmet
 l - a +0 scale mail
 q - a +0 buckler of poison resistance (worn)
 r - a +1 cloak (worn)
 E - a +0 chain mail
 I - a +0 plate armour (worn)
 J - a +1 pair of boots (worn)
 K - +0 swamp dragon scales
Wands
 j - a wand of flame (35)
 k - a wand of digging (8)
 p - a wand of acid (16)
 F - a wand of paralysis (9)
Scrolls
 t - a scroll of teleportation
 D - a scroll of fog
 G - a scroll of blinking {unknown}
Potions
 d - 2 potions of might
 e - 3 potions of curing
 g - 2 potions of attraction
 u - 2 potions of heal wounds
 v - 2 potions of flight
 H - a potion of magic {unknown}
 M - a potion of brilliance {unknown}


   Skills:
 - Level 3.0 Fighting
 + Level 9.1 Polearms
 - Level 8.2 Crossbows
 - Level 2.6 Armour
 - Level 2.6 Shields


You had 8 spell levels left.
You didn't know any spells.
Your spell library was empty.

Dungeon Overview and Level Annotations

Branches:
Dungeon (7/15)              Sewer (visited)          Bailey (1/1)
 Temple: D:4-7

Altars:
Ashenzari
Elyvilon
Fedhas
Nemelex Xobeh
Trog
Yredelemnul

Annotations:
D:5 exclusion: oklob plant


Innate Abilities, Weirdness & Mutations

You have a pair of antennae on your head.
You have sharp fingernails.
You have large cloven feet.
You sometimes gain a little power by taking damage.


Message History

The orc hits you with a +0 halberd. The orc hits you but does no damage.
The orc hits you with a +0 halberd. The orc hits you but does no damage. x2
You barely miss the orc. The orc hits you with a +0 halberd.
The orc hits you but does no damage. The orc barely misses you.
You block the orc's attack. The orc barely misses you.
The orc hits you with a +0 halberd. You block the orc's attack.
You puncture the orc!
You kill the orc!
Trog accepts your kill. The orc barely misses you. The orc closely misses you.
You block the orc's attack. The orc barely misses you.
You block the orc's attack. You block the orc's attack.
The orc barely misses you. The orc hits you but does no damage.
The orc hits you with a +0 halberd! The orc hits you with a +0 spear.
The orc hits you with a +0 halberd.
b - a +0 hand crossbow (weapon)
The orc hits you but does no damage. The orc hits you with a +0 halberd.
You block the orc's attack.
Fire: 37 bolts
Press: ? - help, Q - select action, (/) - cycle Shift-Dir - straight line, f - orc
Aim: an orc, wielding a +0 halberd and wearing a +0 scale mail (68% to hit)
You shoot a bolt. The bolt barely misses the orc.
The orc jeers noisily.
The orc hits you with a +0 halberd.
* * * LOW HITPOINT WARNING * * *
The orc hits you with a +0 spear.
* * * LOW HITPOINT WARNING * * *
The orc hits you with a +0 halberd.
* * * LOW HITPOINT WARNING * * *
The orc hits you but does no damage. The orc barely misses you.
The orc hits you but does no damage.
Fire: 36 bolts
Press: ? - help, Q - select action, (/) - cycle Shift-Dir - straight line, f/p - orc
Aim: an orc, wielding a +0 halberd and wearing a +0 scale mail (69% to hit)
You shoot a bolt. The bolt closely misses the orc.
The orc barely misses you. The orc hits you but does no damage.
The orc hits you with a +0 halberd!
* * * LOW HITPOINT WARNING * * *
The orc hits you but does no damage. The orc hits you with a +0 halberd.
You die...

##########
.......∩.##
..........#
..........#
..(...o.o∩#
.....)o@).#
......o)..#
......)∩)##
##########


You could see 4 orcs.

Vanquished Creatures
  Pikel (D:7)
  Maggie (D:6)
  A steam dragon (D:5)
  2 orc warriors
  4 black bears
  2 necrophages (D:5)
  A centaur (D:6)
  A lemure (D:7)
  A kobold brigand (Sewer)
  2 phantoms
  Blork the orc (D:5)
  2 scorpions
  A water moccasin zombie (D:5)
  A bullfrog zombie (D:5)
  A centaur zombie (D:6)
  6 hounds
  2 centaur skeletons
  A jelly (D:6)
  A gnoll shaman (D:4)
  2 iguanas
  3 orc wizards
  7 gnolls
  5 river rats
  8 adders
  A shadow imp (D:5)
  An ufetubus (D:5)
  An adder skeleton (D:4)
  5 worms
  3 dart slugs
  26 orcs
  13 endoplasms
  2 giant cockroaches
  4 goblins
  10 hobgoblins
  6 jackals
  2 quokkas
  12 ball pythons
  3 bats
  4 frilled lizards
  15 kobolds
  12 rats
177 creatures vanquished.

Vanquished Creatures (others)
  53 fungi (D:5)
  75 plants
128 creatures vanquished.

Grand Total: 305 creatures vanquished

Notes
Turn   | Place    | Note
-------+----------+-------------------------------------------
     0 | D:1      | dolemite99 the Demonspawn Fighter began the quest for the
                  | Orb.
     0 | D:1      | Reached XP level 1. HP: 18/18 MP: 1/1
    23 | D:1      | Found a faded altar of an unknown god.
    33 | D:1      | Reached skill level 2 in Polearms
    46 | D:1      | Became a worshipper of Trog the Wrathful
    46 | D:1      | Reached * piety under Trog
   154 | D:1      | Gained mutation: You sometimes gain a little power by
                  | taking damage. [demonic ancestry]
   154 | D:1      | Reached XP level 2. HP: 24/24 MP: 2/2
   555 | D:1      | Reached skill level 3 in Polearms
  1386 | D:2      | Gained mutation: You have large cloven feet. [demonic
                  | ancestry]
  1386 | D:2      | Reached XP level 3. HP: 28/29 MP: 3/3
  1560 | D:2      | Reached ** piety under Trog
  1799 | D:2      | Reached XP level 4. HP: 34/35 MP: 4/4
  1854 | D:2      | Reached skill level 4 in Polearms
  3206 | D:4      | Gained mutation: You have sharp fingernails. [demonic
                  | ancestry]
  3206 | D:4      | Reached XP level 5. HP: 23/41 MP: 5/5
  3283 | D:4      | Reached skill level 5 in Polearms
  3514 | D:4      | Reached *** piety under Trog
  3539 | D:4      | Found a glowing drain.
  3546 | Sewer    | Entered a sewer
  3917 | Sewer    | Gained mutation: You have a pair of small antennae on your
                  | head. [demonic ancestry]
  3917 | Sewer    | Reached XP level 6. HP: 33/47 MP: 6/6
  4411 | D:4      | Found a sparkling altar of Nemelex Xobeh.
  4428 | D:4      | Found a basalt altar of Yredelemnul.
  4902 | D:4      | Reached skill level 1 in Crossbows
  5166 | D:5      | Entered Level 5 of the Dungeon
  5249 | D:4      | Reached XP level 7. HP: 52/52 MP: 7/7
  5257 | D:4      | Reached skill level 6 in Polearms
  5534 | D:5      | Noticed Blork the orc
  5540 | D:5      | Killed Blork the orc
  6141 | D:5      | Reached skill level 5 in Crossbows
  6507 | D:5      | Reached XP level 8. HP: 58/58 MP: 8/8
  6920 | D:5      | Found a bloodstained altar of Trog.
  6945 | D:5      | Found a blossoming altar of Fedhas.
  7001 | D:5      | Noticed an oklob plant
  8596 | D:6      | Found a broken altar of Ashenzari.
  8601 | D:6      | Saw a vision of the Swamp and the Spider Nest.
  8601 | D:6      | Noticed a wolf spider
  8920 | D:6      | Noticed Maggie
  8936 | D:6      | Killed Maggie
  8937 | D:6      | Reached skill level 7 in Polearms
  8937 | D:6      | Gained mutation: You have a pair of antennae on your head.
                  | [demonic ancestry]
  8937 | D:6      | Reached XP level 9. HP: 38/63 MP: 9/9
  9229 | D:6      | Reached **** piety under Trog
  9630 | D:6      | Identified a scroll of acquirement
  9630 | D:6      | Acquired a +0 buckler of poison resistance
  9771 | D:7      | Noticed Pikel
  9801 | D:7      | Killed Pikel
  9802 | D:7      | Reached skill level 8 in Polearms
  9894 | D:7      | Found a flagged portal.
  9908 | Bailey   | Entered a bailey
  9937 | Bailey   | Reached skill level 9 in Polearms
  9952 | Bailey   | HP: 2/63 [orc (8)]
  9952 | Bailey   | Slain by an orc

Illustrated notes

Levels and vault maps discovered:
D:1:      ebering_trefoil_twist, layout_basic, serial_rivers,
          chequers_serial_rivers_small_3, chequers_serial_rivers_micro_c,
          chequers_serial_rivers_micro_d, chequers_serial_rivers_micro_a,
          chequers_serial_rivers_room_a, chequers_serial_rivers_large_a,
          hellmonk_ecumenical_altar_pennies_from_heaven, minmay_3d_cube
D:2:      wad_lake_hut, layout_basic
D:3:      layout_loops_corners, saegor_snake_ambush
D:4:      layout_loops_ring, mainiacjoe_overflow_large_starburst,
          lightli_sewer_entry_pipes, corexii_shack, abandoned_shop,
          hangedman_abyss_or_decor_stagger
D:5:      layout_basic, trog_ov_bears_minmay, elyvilon_altar_4, tgw_fedhas,
          uniq_blork_the_orc
D:6:      layout_loops_ring, grunt_ashenzari_visionary
          [grunt_ashenzari_visionary_swamp, grunt_ashenzari_visionary_spider],
          uniq_maggie
D:7:      layout_loops_ring, lemuel_temple_firewalk_b, enter_bailey_4,
          uniq_pikel
Bailey:   bailey_polearm_5, bailey

Skill      XL: |  1  2  3  4  5  6  7  8  9 |
---------------+----------------------------+-----
Polearms       | 2 3 4 5 6 7 9 |  9.1
Crossbows      | 3 6 8 |  8.2
Fighting       | |  3.0
Armour         | |  2.6
Shields        | |  2.6

Action                   |  1- 3 |  4- 6 |  7- 9 || total
-------------------------+-------+-------+-------++-------
Melee: Trident           |   114 |   192 |   105 ||   411
       Kick              |    13 |    37 |     6 ||    56
 Fire: Hand crossbow     |       |    29 |   225 ||   254
Throw: Dart              |       |    45 |       ||    45
Invok: Berserk           |     1 |     4 |     5 ||    10
       Trog's Hand       |       |     3 |     6 ||     9
  Use: Scroll            |       |     2 |     7 ||     9
Armor: Scale mail        |    49 |    62 |    31 ||   142
       Chain mail        |       |       |    12 ||    12
       Plate armour      |       |       |   116 ||   116
Dodge: Dodged            |    39 |    64 |    94 ||   197
Block: Buckler           |    32 |    34 |    50 ||   116

Table legend: (Time is in decaauts)
 A = Elapsed time spent in this place.
 B = Non-inter-level travel time spent in this place.
 C = Inter-level travel time spent in this place.
 D = Time resting spent in this place.
 E = Time spent auto-exploring this place.
 F = Levels seen in this place.
 G = Mean time per level.
                   A        B        C        D        E       F      G
               +--------+--------+--------+--------+--------+-----+--------+
         Total |  10287 |   9881 |    406 |   3064 |   4589 |   9 | 1143.0 |
       Dungeon |   9318 |   8912 |    406 |   2459 |   4421 |   7 | 1331.1 |
         Sewer |    929 |    929 |      0 |    601 |    167 |   1 |  929.0 |
        Bailey |     39 |     39 |      0 |      3 |      0 |   1 |   39.0 |
               +--------+--------+--------+--------+--------+-----+--------+

Top non-repeatable levels by time:
     D:5: 2563 daAuts
     D:6: 1709 daAuts
     D:4: 1592 daAuts
     D:1: 1374 daAuts
     D:3: 999 daAuts
   Sewer: 929 daAuts
     D:2: 846 daAuts
     D:7: 233 daAuts
  Bailey: 39 daAuts
